 Dungeon Crawl Stone Soup version 0.18.1-48-g4cf74bf (console) character file.

1114 Kloppie the Fighter (level 8, -1/81 HPs)
             Began as a Gargoyle Berserker on Aug 17, 2016.
             Was a Believer of Trog.
             Slain by an orc warrior
             ... wielding a +0 scimitar
              (18 damage)
             ... on level 5 of the Dungeon.
             The game lasted 00:08:34 (5264 turns).

Kloppie the Fighter (Gargoyle Berserker)            Turns: 5264, Time: 00:08:35

Health: -1/81      AC: 10    Str: 25    XL:     8   Next: 34%
Magic:  8/8        EV: 12    Int:  9    God:    Trog [**....]
Gold:   183        SH:  0    Dex: 11    Spells: 0 memorised, 7 levels left

rFire  + . .     SeeInvis .     a - +1 spear
rCold  . . .     Gourm    .     s - +0 robe {rF+}
rNeg   + . .     Faith    .     (no shield)
rPois  ∞         Spirit   .     k - +0 helmet
rElec  +         Dismiss  .     p - +0 cloak
rCorr  .         Reflect  .     w - +0 pair of gloves
SustAt .         Harm     .     (no boots)
MR     .....                    (no amulet)
Stlth  ..........               (no ring)
                                (no ring)

@: berserking, very quick, not resistant to hostile enchantments, extremely
unstealthy
A: negative energy resistance 1, electricity resistance, unbreathing,
petrification resistance, rot immunity, AC +5
a: Berserk, Trog's Hand, Burn Spellbooks, Renounce Religion


You were on level 5 of the Dungeon.
You worshipped Trog.
Trog was pleased with you.
You were hungry.

You visited 1 branch of the dungeon, and saw 6 of its levels.
You also visited: Ossuary.

You collected 183 gold pieces.

Inventory:

Hand Weapons
 a - a +1 spear (weapon)
 v - a +0 trident
Armour
 k - a +0 helmet (worn)
 n - a +0 plate armour
 p - a +0 cloak (worn)
 s - a +0 robe of fire resistance (worn)
 w - a +0 pair of gloves (worn)
Wands
 r - a wand of flame (48/48)
 C - a wand of lightning (5/15)
Scrolls
 d - a scroll of noise
 h - 4 scrolls of teleportation {unknown}
 l - a scroll of remove curse
 t - a scroll of amnesia {unknown}
 x - a scroll of random uselessness {unknown}
 y - 2 scrolls of identify
Potions
 b - a potion of magic
 e - a potion of cancellation
 g - 3 potions of might
 i - a potion of heal wounds
 j - 4 potions of brilliance
 m - 5 potions of curing
 o - a potion of experience {unknown}
 q - 4 potions of degeneration {unknown}
 u - 2 potions of agility {unknown}
 z - a potion of haste {unknown}
 A - 2 potions of berserk rage {unknown}
 B - a potion of ambrosia {unknown}
 E - a potion of resistance {unknown}
Comestibles
 c - 3 bread rations
 f - 10 fruits


   Skills:
 + Level 8.2 Fighting
 + Level 6.7 Polearms
 - Level 2.1 Armour
 - Level 1.5 Dodging


You had 7 spell levels left.
You didn't know any spells.

Dungeon Overview and Level Annotations

Branches:
Dungeon (6/15)             Temple (0/1) D:4

Altars:


Innate Abilities, Weirdness & Mutations

You are resistant to torment.
Your stone body is resilient (AC +5).
You are immune to poison.
You resist negative energy.
You are resistant to electric shocks.
You can survive without breathing.
You are immune to petrification.
You are immune to rotting.


Message History

Eat which item? (? for menu, Esc to quit)
The orc warrior barely misses you.
That banana was delicious!
A red film seems to cover your vision as you go berserk!
You feel yourself moving faster!
You feel mighty!
You are feeling hungry.
The orc warrior closely misses you.
You closely miss the orc warrior. You puncture the orc warrior!
The orc warrior is moderately wounded.
You puncture the orc warrior!
The orc warrior is heavily wounded.
The orc warrior hits you with a scimitar!
* * * LOW HITPOINT WARNING * * *
You closely miss the orc warrior.
The orc warrior is heavily wounded.
You closely miss the orc warrior.
The orc warrior is heavily wounded.
The orc warrior hits you with a scimitar!!
You die...

#........# #.#
#####.######.########.##8.
#.....# #...<......##..
##.#####################8..
#..............# #..
#######..###########.# #####8.
.........# #.# #..# ## #######.##
########.# #.##### ...# #.#
#..o@.##.# #.# #.#
##.####.#####.....##.######.###.#
#................##.............
###.#########.....#########.###.#
# #.# #..^).# #.##... # #.#
###.### #.#.... # #.# #.# #......
# #.# ######.####### ###.... #
#.# #...).....)..# ##...


You could see an orc warrior.

Vanquished Creatures
  Sigmund (D:3)
  The ghost of Aelikt the Skirmisher, an amateur DrAK of Lugonu (D:3)
  Menkaure (Ossuary)
  Edmund (D:5)
  Duvessa (D:5)
  An ogre (D:3)
  Dowan (D:5)
  2 orc priests
  Crazy Yiuf (D:5)
  2 orc wizards (D:4)
  2 worker ants
  2 mummies (Ossuary)
  3 gnolls (D:4)
  6 adders
  2 shadow imps (D:5)
  An ooze (D:3)
  An adder skeleton (D:3)
  3 worms
  A dart slug (D:2)
  3 giant geckos
  12 orcs
  2 bats (D:2)
  A giant cockroach (D:2)
  3 gnoll zombies (Ossuary)
  3 goblins
  4 hobgoblins
  11 jackals (D:3)
  A ball python (D:3)
  3 giant newts
  5 gnoll skeletons (Ossuary)
  4 goblin skeletons (Ossuary)
  3 goblin zombies (Ossuary)
  3 hobgoblin skeletons (Ossuary)
  4 hobgoblin zombies (Ossuary)
  8 kobolds
  5 kobold skeletons (Ossuary)
  An orc zombie (Ossuary)
  7 rats
  2 rat skeletons (Ossuary)
  5 rat zombies (Ossuary)
  A fungus (D:5)
124 creatures vanquished.

Vanquished Creatures (others)
  A mummy (Ossuary)
  A gnoll skeleton (Ossuary)
  2 goblin skeletons (Ossuary)
  2 goblin zombies (Ossuary)
  A hobgoblin skeleton (Ossuary)
  3 hobgoblin zombies (Ossuary)
  2 kobold zombies (Ossuary)
  An orc zombie (Ossuary)
  2 rat skeletons (Ossuary)
  A rat zombie (Ossuary)
16 creatures vanquished.

Grand Total: 140 creatures vanquished

Notes
Turn   | Place    | Note
--------------------------------------------------------------
     0 | D:1      | Kloppie the Gargoyle Berserker began the quest for the Orb.
     0 | D:1      | Reached XP level 1. HP: 14/14 MP: 1/1
   588 | D:2      | Reached XP level 2. HP: 8/19 MP: 2/2
   849 | D:2      | Reached XP level 3. HP: 14/24 MP: 3/3
   996 | D:2      | Reached skill level 4 in Fighting
  1276 | D:3      | Noticed Sigmund
  1330 | D:3      | Killed Sigmund
  1330 | D:3      | Reached ** piety under Trog
  1330 | D:3      | Reached skill level 5 in Fighting
  1330 | D:3      | Reached XP level 4. HP: 22/31 MP: 4/4
  1330 | D:3      | Reached XP level 5. HP: 25/35 MP: 5/5
  1355 | D:3      | Noticed Aelikt's ghost (amateur DrAK)
  1466 | D:3      | Killed Aelikt's ghost
  1466 | D:3      | Reached skill level 6 in Fighting
  1466 | D:3      | Reached skill level 5 in Polearms
  1466 | D:3      | Reached XP level 6. HP: 41/41 MP: 6/6
  1751 | D:3      | Reached XP level 7. HP: 47/47 MP: 7/7
  3189 | D:4      | Found a staircase to the Ecumenical Temple.
  3202 | D:4      | Reached skill level 7 in Fighting
  3796 | D:5      | Entered Level 5 of the Dungeon
  3830 | D:5      | Found a sand-covered staircase.
  3982 | Ossuary  | Entered an ossuary
  4272 | Ossuary  | Noticed Menkaure
  4287 | Ossuary  | Killed Menkaure
  4593 | D:5      | Noticed Duvessa
  4593 | D:5      | Noticed Dowan
  4615 | D:5      | Killed Duvessa
  4615 | D:5      | Reached XP level 8. HP: 53/54 MP: 8/8
  4629 | D:5      | Killed Dowan
  4768 | D:5      | Noticed Edmund
  4790 | D:5      | Killed Edmund
  4790 | D:5      | Reached skill level 8 in Fighting
  5169 | D:5      | Noticed Crazy Yiuf
  5174 | D:5      | Killed Crazy Yiuf
  5264 | D:5      | Slain by an orc warrior

Skill      XL: |  1  2  3  4  5  6  7  8 |
---------------+-------------------------+-----
Polearms       | 3 4 5 6 |  6.7
Fighting       | 5 6 7 8 |  8.2
Armour         | |  2.1
Dodging        | |  1.5

Action                   |  1- 3 |  4- 6 |  7- 9 || total
-------------------------+-------+-------+-------++-------
Melee: Spear             |   103 |    47 |   484 ||   634
Invok: Berserk           |     1 |     2 |     4 ||     7
       Trog's Hand       |       |       |     2 ||     2
  Use: Scroll            |       |       |    13 ||    13
 Stab: Sleeping          |       |       |     1 ||     1
  Eat: Chunk             |     1 |       |    10 ||    11
       Bread ration      |       |     1 |     1 ||     2
       Fruit             |       |       |     1 ||     1
Armor: Leather armour    |    33 |    12 |    48 ||    93
       Robe              |       |       |    87 ||    87
Dodge: Dodged            |    46 |    15 |   161 ||   222
